 Dungeon Crawl Stone Soup version 0.25-a0-446-g92cdcce (webtiles) character file.

Game seed: 4683277208578585773, levelgen mode: deterministic

21 Auros the Cutter (level 3, -2/24 HPs)
             Began as a Halfling Warper on Jan 30, 2020.
             Slain by an ogre
             ... wielding a +0 giant club
              (26 damage)
             ... on level 4 of the Dungeon.
             The game lasted 00:06:48 (918 turns).

Auros the Cutter (Halfling Warper)                   Turns: 918, Time: 00:06:49

Health: -2/24      AC:  8    Str: 13    XL:     3   Next: 5%
Magic:  5/5        EV: 12    Int: 11    God:
Gold:   85         SH:  0    Dex: 13    Spells: 1/5 levels left

rFire    . . .     SeeInvis .   d - +0 rapier
rCold    . . .     Gourm    .   (shield restricted)
rNeg     . . .     Faith    .   o - +0 scale mail
rPois    .         Spirit   .   i - +1 helmet
rElec    .         Reflect  .   (no cloak)
rCorr    .         Harm     .   (no gloves)
MR       .....                  (no boots)
Stlth    ..........             (no amulet)
HPRegen  0.08/turn              (no ring)
MPRegen  0.09/turn              (no ring)

@: no status effects
A: small, mutation resistance 1
a: no special abilities


You were on level 4 of the Dungeon.
You were not hungry.

You visited 1 branch of the dungeon, and saw 4 of its levels.

You collected 85 gold pieces.

Inventory:

Hand Weapons
 a - a +0 short sword
 d - a +0 rapier (weapon)
 m - a +0 falchion
Missiles
 c - 18 sling bullets
 e - 5 boomerangs of dispersal (quivered)
 n - 24 arrows
 Z - 34 stones
Armour
 b - a +0 leather armour
 i - a +1 helmet (worn)
 o - a +0 scale mail (worn)
 p - a +0 crystal plate armour
 q - a +0 ring mail
 r - a +0 chain mail
Scrolls
 h - a scroll of remove curse {unknown}
 j - a scroll of identify {unknown}
 k - a scroll of blinking
Potions
 f - a potion of ambrosia {unknown}
 g - a potion of cancellation {unknown}
 l - a potion of flight {unknown}
Comestibles
 z - 4 rations


   Skills:
 - Level 1.7 Fighting
 + Level 4.0 Short Blades
 - Level 1.0 Throwing
 - Level 1.1 Armour
 - Level 2.1 Dodging
 - Level 1.5 Spellcasting
 - Level 3.2 Translocations


You had one spell level left.
You knew the following spells:

 Your Spells              Type           Power        Failure   Level  Hunger
a - Blink                 Tloc           N/A          50%         2    ###....
b - Shroud of Golubria    Chrm/Tloc      #.....       75%         2    ###....

Your spell library contained the following spells:

 Spells                   Type           Power        Failure   Level  Hunger
 Gell's Gravitas          Tloc           #.........   75%         3    ####...
 Lesser Beckoning         Tloc           #.........   75%         3    ####...
 Teleport Other           Tloc           #.......     75%         3    ####...
 Passage of Golubria      Tloc           N/A          98%         4    #####..


Dungeon Overview and Level Annotations

Branches:
Dungeon (4/15)
 Temple: D:4-7

Altars:


Innate Abilities, Weirdness & Mutations

You are small and have problems with some larger weapons.
You are somewhat resistant to further mutation.


Message History

You finish taking off your +0 ring mail.
You start putting on your armour.
You continue putting on your chain mail. x5
You finish putting on your +0 chain mail.
You start removing your armour.
You continue taking off your +0 chain mail. x4
You finish taking off your +0 chain mail.
You start putting on your armour.
You continue putting on your +0 scale mail. x5
You finish putting on your +0 scale mail.
You open the door.
There is an open door here.
Found a stone staircase leading down.
As you open the door, it creaks loudly!
An ogre comes into view. It is wielding a +0 giant club.
You puncture the ogre!
The ogre is moderately wounded.
The ogre hits you with a +0 giant club!!
Ouch! That really hurt!
You die...

#### #... #... #... #... +... #...
#.... #### #.... #..
#.....###+####.. #..
......#O@....... ######..
......'......... #...##'#
########......... #.......
#####................ #...##..
#........>.........#+########..
#..................#..#........
#..................#..#........
#....###############..##...##..
#####....#............##..##...##..


You could see an ogre.

Vanquished Creatures
  A leopard gecko (D:4)
  A bat (D:1)
  A giant cockroach (D:1)
  3 goblins (D:1)
  4 hobgoblins (D:1)
  A quokka (D:4)
  A ball python (D:4)
  3 kobolds
  5 rats
20 creatures vanquished.

Notes
Turn   | Place    | Note
-------+----------+-------------------------------------------
     0 | D:1      | Auros the Halfling Warper began the quest for the Orb.
     0 | D:1      | Reached XP level 1. HP: 14/14 MP: 3/3
    68 | D:1      | Reached skill level 3 in Short Blades
    96 | D:1      | Reached XP level 2. HP: 18/19 MP: 4/4
   450 | D:4      | Learned a level 2 spell: Blink
   471 | D:4      | Learned a level 2 spell: Shroud of Golubria
   597 | D:4      | Reached skill level 4 in Short Blades
   597 | D:4      | Reached XP level 3. HP: 17/24 MP: 5/5
   914 | D:4      | Noticed an ogre
   918 | D:4      | Slain by an ogre

Levels and vault maps discovered:
D:1:      psy_arrival_dodecagon, layout_basic
D:2:      layout_basic, serial_curves, eino_curves_02, eino_curves_01,
          eino_curves_04
D:3:      layout_loops_corners, lemuel_doored_altar, serial_bayou_pond_c,
          minivault_24
D:4:      layout_gridville, first_ration

Skill      XL: |  1  2 |
---------------+-------+-----
Short Blades   | 3 4 |  4.0
Fighting       | |  1.7
Throwing       | |  1.0
Armour         | |  1.1
Dodging        | |  2.1
Spellcasting   | |  1.5
Translocations | |  3.2

Action                   || total
-------------------------++-------
Melee: Short sword       ||    64
       Rapier            ||     1
Armor: Leather armour    ||    11
       Scale mail        ||     4
Dodge: Dodged            ||    37

Table legend:
 A = Non-vault XP
 B = Vault XP
 C = Vault XP percentage of total XP
 D = Non-vault monster count
 E = Vault monster count
 F = Vault count percentage of total count
                 A         B        C        D         E       F
            +---------+---------+-------+---------+---------+-------
      Total |      31 |       0 |   0.0 |      20 |       0 |   0.0
            +---------+---------+-------+---------+---------+-------
        D:1 |      22 |       0 |   0.0 |      14 |       0 |   0.0
        D:2 |       2 |       0 |   0.0 |       2 |       0 |   0.0
        D:3 |       1 |       0 |   0.0 |       1 |       0 |   0.0
        D:4 |       6 |       0 |   0.0 |       3 |       0 |   0.0
            +---------+---------+-------+---------+---------+-------
